Map: Sous-marin EC

Players

WipeR - Winner!

  • Race: Terran Terran
  • League: Platinum
  • Spawn Location: 11:00

VOD

Have the link to the VOD?

Description

Time

  • Played on: Dec. 28, 2020, 10:21 a.m.
  • Length: 13:56
Show
View Real Time Build Order
Export as new Build Order

WipeR Terran - Winner!

Build Orders:  

Get SALT Encoding   

  12  0:00  SCV  
  13  0:17  SCV  
  14  0:25  Supply Depot  
  14  0:34  SCV  
  15  0:44  Refinery  
  15  0:55  SCV  
  16  1:03  Barracks  
  16  1:11  SCV  
  17  1:28  Refinery, SCV  
  18  1:45  SCV  
  19  2:02  SCV  
  20  2:15  Reaper  
  21  2:22  Orbital Command  
  21  2:23  Supply Depot  
  21  2:28  Factory  
  22  3:00  SCV, Reaper  
  23  3:11  Supply Depot  
  23  3:17  SCV  
  24  3:30  Starport  
  24  3:31  Factory Tech Lab  
  24  3:44  SCV  
  24  3:45  Reaper  
  26  3:58  Cyclone  
  29  4:01  SCV  
  30  4:17  Supply Depot  
  30  4:18  SCV  
  34  4:38  Widow Mine  
  34  4:43  Command Center  
  36  4:58  Barracks Reactor  
  36  5:04  SCV  
  37  5:24  Unknown  
  37  5:51  Siege Tank  
  37  5:52  Marine  
  37  5:53  Marine  
  37  5:54  SCV  
  37  5:59  Engineering Bay  
  43  6:03  Barracks  
  43  6:07  Starport Tech Lab  
  43  6:10  Barracks  
  43  6:13  SCV  
  44  6:21  Supply Depot  
  41  7:27  Factory Tech Lab  
  41  7:35  Marine x2  
  43  7:41  Starport Reactor  
  43  7:43  Missile Turret  
  43  7:46  Missile Turret  
  43  7:50  Orbital Command  
  43  7:59  Stimpack  
  43  8:00  Refinery  
  43  8:05  Missile Turret  
  43  8:07  Missile Turret  
  43  8:19  SCV  
  44  8:25  Siege Tank  
  44  8:28  Unknown  
  47  8:30  Terran Infantry Weapons Level 1  
  47  8:33  Medivac x2  
  47  8:37  Marine x4  
  55  8:41  Supply Depot  
  55  8:46  Missile Turret  
  55  8:55  Missile Turret  
  55  9:00  Missile Turret  
  55  9:08  Marine x2  
  55  9:09  Marine, Siege Tank  
  58  9:16  SCV x2  
  63  9:30  Viking  
  63  9:31  Viking  
  63  9:34  SCV  
  68  9:41  Supply Depot  
  68  9:46  SCV  
  69  9:51  SCV  
  70  10:09  Siege Tank  
  73  10:12  Marine  
  73  10:13  Marine x2  
  73  10:14  Marine  
  73  10:18  Viking, Siege Tank x2  
  73  10:19  Siege Tank  
  79  10:21  SCV x2  
  79  10:26  Supply Depot  
  79  10:29  Supply Depot  
  81  10:38  SCV x2  
  83  10:41  Marine x3  
  86  10:51  Refinery  
  86  10:56  Marine, SCV x2, Viking, Supply Depot, Siege Tank  
  91  11:24  Marine x3, Bunker  
  91  11:25  Marine  
  91  11:29  Viking  
  97  11:30  SCV  
  97  11:31  SCV  
  97  11:38  Viking  
  101  11:41  Siege Tank  
  101  11:43  Supply Depot  
  101  11:46  Supply Depot  
  101  11:47  SCV  
  101  11:48  SCV  
  106  12:01  Siege Tank  
  106  12:03  Siege Tank  
  106  12:10  Siege Tank  
  106  12:12  Siege Tank  
Tags
 
Add a new tag
Caveats
  • Supply blocks, unpowered buildings, or Contaminate may cause inaccurate times.
  • Supply counts are checked every 10 seconds.